AoeStats
← ElMirteitor4000

Arabia

509735962Analyzed
2v2 RM · 5d ago on Sep 27, 2026· 53m 53s· 4 players
Game mode
Random Map
Map size
Medium (4 player)
Population
200
Speed
Normal
Resources
Standard
Victory
Conquest
Starting age
Dark Age
Ending age
Imperial Age
RankedLock teamsTeams togetherTeam positionsShared explorationLock speedFull tech treeHidden civsTurbo modeCheats
Victory
Defeat
🇨🇱 Saxons · Chile
962
+14
🇨🇱 Danes · Chile
940
+15
🇦🇷 Vikings · Argentina
937
-15
🇦🇷 Lithuanians · Argentina
898
-14
ElMirteitor4000
11:33 Feudal Age
11:45 Man-at-Arms
13:59 Loom
15:07 Horse Collar
20:39 Double-Bit Axe
22:31 Arson
27:11 Castle Age
28:25 Long Swordsman
29:06 Squires
29:40 Stone Mining
29:45 Gold Mining
34:26 Scale Mail Armor
34:38 Forging
34:29 Padded Archer Armor
34:19 Fletching
34:40 Elite Skirmisher
38:24 Imperial Age
38:57 Two-Handed Swordsman
45:03 Ballistics
47:38 Heavy Plow
El Bicho
4:21 Loom
10:44 Feudal Age
12:03 Double-Bit Axe
15:54 Fletching
16:45 Horse Collar
17:25 Padded Archer Armor
24:26 Castle Age
26:53 Husbandry
27:56 Bow Saw
28:46 Scale Barding Armor
30:34 Forging
30:45 Chain Barding Armor
32:45 Thumb Ring
41:18 Gold Mining
47:44 Imperial Age
47:12 Iron Casting
Raygnard
6:52 Loom
10:18 Feudal Age
14:12 Double-Bit Axe
17:04 Fletching
20:12 Castle Age
21:10 Forging
21:03 Horse Collar
22:25 Scale Mail Armor
22:26 Crossbowman
24:12 Padded Archer Armor
27:11 Heavy Plow
28:42 Pikeman
29:23 Squires
29:09 Arson
29:11 Gambesons
32:24 Thumb Ring
34:07 Ballistics
33:46 Murder Holes
39:42 Bodkin Arrow
40:29 Bow Saw
40:10 Gold Mining
41:29 Chain Mail Armor
43:04 Gold Shaft Mining
42:19 Stone Mining
43:32 Wheelbarrow
45:45 Imperial Age
45:27 Hand Cart
44:58 Town Watch
45:54 Arbalester
46:41 Bracer
46:57 Leather Archer Armor
47:15 Plate Mail Armor
46:55 Cranequins
46:59 Arbalester
50:00 Conscription
51:33 Town Patrol
52:08 Crop Rotation
52:43 Two-Man Saw
53:41 Chemistry
53:28 Iron Casting
53:25 Ring Archer Armor
Brick
7:06 Loom
9:49 Feudal Age
10:23 Double-Bit Axe
11:09 Man-at-Arms
16:11 Horse Collar
21:57 Fletching
24:43 Castle Age
23:05 Padded Archer Armor
26:23 Bow Saw
26:08 Crossbowman
26:52 Bodkin Arrow
28:54 Gold Mining
29:32 Thumb Ring
31:57 Pikeman
33:48 Squires
48:22 Imperial Age
47:50 Wheelbarrow
47:21 Scale Mail Armor
52:03 Chain Mail Armor
Connection lost

Rejoining the realm…

Still unreachable

The connection could not be restored.

Session expired

The server has moved on; the page needs a fresh start.